Map: [ESL] Gresvan

Players

marcj (uThermal) - Winner!

  • Race: Terran Terran
  • League: Master
  • Spawn Location: 11:00

Spirit (souL)

  • Race: Terran Terran
  • League: Master
  • Spawn Location: 5:00

Event: HomeStory Cup XXIII

VOD

Have the link to the VOD?

Description

Time

  • Played on: July 1, 2023, 11:52 a.m.
  • Length: 9:14

All games in this series

Show
View Real Time Build Order
Export as new Build Order

marcj Terran - Winner!

Build Orders: Gas First Reaper Expand, Hellion Opening, Mech 

Get SALT Encoding   

  12  0:00  SCV  
  13  0:12  SCV  
  14  0:17  Supply Depot  
  14  0:24  SCV  
  14  0:27  Refinery  
  15  0:39  SCV  
  16  0:44  Barracks  
  16  0:51  SCV  
  17  1:03  SCV  
  18  1:15  SCV  
  19  1:30  Reaper  
  19  1:31  Orbital Command  
  20  1:42  Command Center  
  20  1:51  Factory  
  20  1:56  SCV  
  21  2:06  Barracks Reactor  
  21  2:09  SCV  
  21  2:12  Supply Depot  
  21  2:15  Refinery  
  22  2:21  SCV  
  23  2:34  SCV  
  24  2:44  Hellion  
  24  2:45  Hellion, Starport  
  24  2:46  SCV  
  29  2:53  Orbital Command  
  29  2:59  SCV  
  29  3:06  Hellion x2  
  29  3:11  SCV  
  29  3:12  Barracks Tech Lab  
  34  3:19  SCV  
  35  3:23  SCV, Refinery  
  36  3:28  Hellion  
  36  3:31  Hellion  
  36  3:34  SCV  
  41  3:37  Raven  
  43  3:41  Supply Depot  
  43  3:42  SCV  
  43  3:46  SCV  
  45  3:54  SCV  
  46  3:59  SCV  
  45  4:06  SCV  
  48  4:10  Supply Depot  
  48  4:11  Raven  
  48  4:12  SCV, Factory Tech Lab  
  49  4:18  SCV  
  49  4:20  Command Center  
  50  4:26  Marine x2  
  50  4:27  SCV  
  53  4:34  Siege Tank  
  53  4:37  SCV  
  57  4:41  Supply Depot  
  57  4:42  SCV  
  58  4:47  Raven, Refinery  
  58  4:52  Supply Depot  
  60  4:53  SCV  
  60  4:59  Marine  
  62  5:03  SCV  
  62  5:05  Supply Depot  
  62  5:06  Siege Tank  
  66  5:10  SCV  
  66  5:11  Marine  
  68  5:17  Marine  
  67  5:21  SCV  
  67  5:22  Raven  
  67  5:27  SCV  
  61  5:29  Marine  
  61  5:33  SCV  
  61  5:34  Marine  
  65  5:37  Orbital Command  
  65  5:38  Siege Tank  
  65  5:40  SCV  
  68  5:45  SCV, Supply Depot  
  69  5:52  SCV  
  70  5:57  SCV  
  70  6:00  Factory  
  70  6:01  Factory  
  70  6:03  Viking x2, Barracks Reactor  
  75  6:04  SCV  
  75  6:09  Orbital Command  
  75  6:10  SCV, Siege Tank  
  80  6:14  Engineering Bay  
  80  6:16  SCV  
  81  6:22  SCV, Supply Depot  
  82  6:28  SCV  
  83  6:34  SCV, Viking  
  83  6:35  Viking  
  83  6:39  SCV  
  89  6:40  Refinery  
  89  6:41  SCV  
  89  6:42  Siege Tank  
  89  6:44  Refinery  
  89  6:46  Missile Turret  
  89  6:47  Siege Tank  
  95  6:49  Missile Turret  
  95  6:54  SCV  
  96  6:57  SCV  
  95  7:01  SCV  
  95  7:03  Supply Depot  
  95  7:04  Hellion x2, Supply Depot  
  95  7:06  SCV  
  100  7:08  Viking  
  100  7:09  Viking  
  100  7:10  SCV  
  100  7:14  Siege Tank  
  100  7:15  SCV  
  105  7:19  Siege Tank  
  105  7:20  SCV  
  105  7:22  SCV  
  105  7:27  SCV  
  103  7:32  SCV  
  103  7:33  Hellion  
  103  7:34  SCV  
  103  7:35  Hellion  
  109  7:39  SCV  
  109  7:40  Missile Turret  
  110  7:44  SCV  
  110  7:46  Siege Tank  
  110  7:47  SCV  
  110  7:49  Sensor Tower  
  110  7:51  SCV, Siege Tank  
  118  7:53  Supply Depot  
  118  7:55  Hellion  
  118  7:56  SCV  
  118  7:58  Viking x2  
  126  8:00  SCV  
  127  8:05  SCV  
  127  8:06  Missile Turret  
  127  8:08  SCV  
  127  8:10  Missile Turret  
  127  8:12  Hellion  
  131  8:16  Hellion  
  131  8:18  Siege Tank  
  136  8:21  SCV  
  136  8:22  SCV  
  136  8:23  Hellion  
  123  8:29  Viking x2  
  123  8:34  Hellion  
  125  8:42  Armory, Command Center  
  125  8:43  Armory  
  125  8:49  SCV x2  
  125  8:51  Sensor Tower  
Show
View Real Time Build Order
Export as new Build Order

Spirit Terran 

Build Orders:  

Get SALT Encoding   

  12  0:00  SCV  
  13  0:12  SCV  
  14  0:17  Supply Depot  
  14  0:24  SCV  
  15  0:38  SCV  
  15  0:39  Barracks  
  16  0:44  Refinery  
  16  0:50  SCV  
  16  0:52  Refinery  
  17  1:02  SCV  
  18  1:14  SCV  
  19  1:26  Orbital Command, Reaper  
  19  1:28  Supply Depot  
  20  1:43  Factory  
  20  1:52  SCV  
  21  1:58  Reaper  
  22  2:04  SCV  
  23  2:16  SCV  
  23  2:22  Command Center  
  24  2:28  Hellion  
  26  2:30  SCV  
  26  2:33  Barracks Reactor  
  27  2:42  SCV  
  28  2:45  Supply Depot  
  28  2:50  Factory Tech Lab  
  28  2:52  Starport  
  28  2:59  SCV  
  28  3:13  SCV, Marine x2  
  31  3:21  Cyclone  
  31  3:25  SCV  
  35  3:30  Starport Tech Lab  
  35  3:34  Orbital Command  
  35  3:37  SCV  
  35  3:40  Marine x2  
  38  3:49  Raven, SCV  
  39  3:57  Marine  
  39  3:58  Marine  
  39  4:00  SCV  
  39  4:01  Cyclone  
  39  4:02  SCV  
  46  4:12  SCV, Supply Depot  
  46  4:14  SCV  
  46  4:15  Marine  
  46  4:16  Marine  
  52  4:24  Raven, SCV  
  52  4:26  SCV  
  54  4:34  Command Center  
  54  4:36  SCV  
  54  4:38  SCV  
  58  4:40  Supply Depot  
  58  4:44  Barracks  
  56  4:45  Factory Reactor  
  56  4:47  Barracks  
  56  4:48  SCV  
  56  4:51  Refinery  
  57  4:53  Stimpack  
  57  4:54  Marine  
  57  4:57  SCV  
  55  5:04  SCV  
  54  5:09  SCV  
  54  5:12  Marine, Starport Reactor  
  53  5:16  SCV  
  49  5:21  SCV  
  49  5:28  SCV  
  49  5:34  SCV  
  50  5:36  Siege Tank  
  50  5:40  Marine x3, SCV  
  50  5:41  Marine  
  58  5:44  Marine  
  58  5:46  SCV  
  58  5:49  Orbital Command  
  60  5:52  SCV  
  60  5:55  Refinery  
  60  5:57  Medivac  
  63  5:58  Marine, SCV  
  63  6:00  Medivac  
  63  6:02  Marine  
  68  6:04  Marine  
  68  6:05  Marine  
  68  6:06  Marine  
  71  6:11  Siege Tank  
  71  6:13  SCV  
  75  6:19  SCV, Marine  
  75  6:21  Orbital Command, Supply Depot  
  75  6:23  Marine x2  
  79  6:25  SCV  
  79  6:29  Engineering Bay  
  79  6:30  Marine, Engineering Bay  
  81  6:39  SCV  
  82  6:40  SCV, Marine x2  
  82  6:42  Marine x2  
  82  6:44  Siege Tank  
  82  6:45  Supply Depot  
  82  6:46  SCV  
  91  6:48  Marine  
  91  6:51  SCV  
  93  7:03  Supply Depot  
  93  7:04  Supply Depot  
  93  7:06  Marine x3  
  93  7:07  Terran Infantry Weapons Level 1, SCV x3  
  99  7:13  Marine, Terran Infantry Armor Level 1  
  99  7:15  Marine  
  96  7:16  Siege Tank  
  96  7:19  SCV x2  
  95  7:24  Marine  
  95  7:28  Marine x2  
  88  7:30  SCV  
  88  7:34  SCV  
  79  7:38  Combat Shield  
  79  7:41  SCV  
  79  7:44  Medivac  
  80  7:46  Marine  
  80  7:49  SCV  
  81  7:52  SCV  
  81  7:53  SCV  
  81  7:57  Medivac  
  82  7:59  Marine  
  82  8:00  Marauder x2, Concussive Shells  
  82  8:01  SCV  
  82  8:04  Marine, SCV  
  90  8:10  SCV  
  91  8:13  Barracks  
  84  8:20  Marine  
  84  8:21  Marauder  
  84  8:23  Marine, Marauder  
  84  8:24  SCV  
  84  8:26  SCV  
  81  8:30  Factory Tech Lab  
  81  8:32  Medivac x2  
  73  8:37  Barracks, SCV x2  
  73  8:38  Marine, SCV  
  73  8:40  Marine  
  78  8:43  Marauder  
  78  8:44  Marauder  
  78  8:47  Armory  
  82  8:49  SCV x2  
  82  8:51  SCV  
  80  8:56  Marine  
Tags
 
Add a new tag
Caveats
  • Supply blocks, unpowered buildings, or Contaminate may cause inaccurate times.
  • Supply counts are checked every 10 seconds.